 Dungeon Crawl Stone Soup version 0.30-a0-134-gb40fab5c76 (webtiles) character file.

Game seed: 174384489749036310

1000 IdlyInterested the Trooper (level 8, 0/68 HPs)
             Began as a Demonspawn Wanderer on Sept 19, 2022.
             Slain by a wyvern zombie (7 damage)
             ... in an ossuary.
             The game lasted 00:10:18 (5476 turns).

IdlyInterested the Trooper (Demonspawn Wanderer)    Turns: 5476, Time: 00:10:19

Health: 0/68       AC:  7    Str: 12    XL:     8   Next: 0%
Magic:  0/9        EV: 12    Int: 20    God:
Gold:   333        SH:  0    Dex:  9    Spells: 8/9 levels left

rFire   . . .      SeeInvis +    u - +4 hand axe
rCold   + . .      Faith    .    (no shield)
rNeg    . . .      Spirit   +    F - +0 leather armour {rC+}
rPois   .          Reflect  .    (helmet restricted)
rElec   .          Harm     .    E - +2 cloak
rCorr   .          Rampage  .    q - +0 pair of gloves
Will    .....                    (no boots)
Stlth   +.........               y - amulet of guardian spirit
HPRegen 0.21/turn                n - ring of see invisible
MPRegen 0.11/turn                v - ring of wizardry

@: no status effects
A: antennae 1, hooves 1, powered by pain 2, spiny 1
a: no special abilities


You were in an ossuary.
You visited 1 branch of the dungeon, and saw 5 of its levels.
You also visited: Ossuary.

You collected 333 gold pieces.

Inventory:

Hand Weapons
 a - a +2 hand axe
 b - a +1 mace of draining
 f - a +0 spear
 r - a +0 short sword
 u - a +4 hand axe (weapon)
 w - a +0 flail
 A - a +0 war axe
Missiles
 o - 9 poisoned darts
Armour
 d - a +0 plate armour
 h - a +0 scale mail
 q - a +0 pair of gloves (worn)
 s - a +0 ring mail
 E - a +2 cloak (worn)
 F - a +0 leather armour of cold resistance (worn)
Magical Staves
 t - a staff of earth
Jewellery
 n - a ring of see invisible (left hand)
 v - a ring of wizardry (right hand)
 y - an amulet of guardian spirit (around neck)
Scrolls
 e - 3 scrolls of poison
 D - a scroll of butterflies
 G - 2 scrolls of identify
Potions
 c - 2 potions of attraction
 g - a potion of heal wounds {unknown}
 i - a potion of might
 j - a potion of lignification
 k - a potion of cancellation {unknown}
 l - a potion of resistance
 m - a potion of curing
 p - a potion of ambrosia {unknown}
 x - a potion of magic {unknown}
 z - a potion of invisibility {unknown}
 B - a potion of mutation {unknown}
 C - a potion of haste
 H - a potion of flight {unknown}


   Skills:
 * Level 7.8 Fighting
 - Level 3.6 Axes
 + Level 2.8 Armour
 - Level 4.0 Dodging
 - Level 1.0 Spellcasting
 - Level 1.0 Hexes


You had 8 spell levels left.
You knew the following spells:

 Your Spells              Type           Power      Damage    Failure   Level
a - Slow                  Hex            20%        N/A       6%          1

Your spell library contained the following spells:

 Spells                   Type           Power      Damage    Failure   Level
 Confusing Touch          Hex            5%         N/A       17%         3
 Gell's Gravitas          Tloc           1%         N/A       26%         3
 Lesser Beckoning         Tloc           1%         N/A       26%         3
 Teleport Other           Tloc           1%         N/A       26%         3
 Passage of Golubria      Tloc           1%         N/A       61%         4
 Silence                  Hex/Air        1%         N/A       86%         5
 Lehudib's Crystal Spear  Conj/Erth      0%         10d2      100%        8


Dungeon Overview and Level Annotations

Branches:
Dungeon (5/15)            Ossuary (1/1)
 Temple: D:4-7

Altars:
Ashenzari


Innate Abilities, Weirdness & Mutations

You have a pair of small antennae on your head.
You have large cloven feet.
You sometimes gain power by taking damage.
You are partially covered in sharp spines.


Message History

The killer bee zombie is severely damaged.
The killer bee zombie is struck by your spines.
The killer bee zombie closely misses you.
The killer bee zombie is struck by your spines.
The killer bee zombie hits you but does no damage.
You slash the killer bee zombie!
You destroy the killer bee zombie!
The wyvern zombie completely misses you.
A mummy comes into view.
You have reached level 8!
You feel clever.
Your demonic ancestry asserts itself...
You feel even more energised by your suffering.
You hit the wyvern zombie. Your kick misses the wyvern zombie.
The wyvern zombie is lightly damaged.
The wyvern zombie is struck by your spines.
The wyvern zombie bites you!
You hit the wyvern zombie but do no damage.
Your kick misses the wyvern zombie.
The wyvern zombie is moderately damaged.
The wyvern zombie bites you!
* * * LOW HITPOINT WARNING * * *
The wyvern zombie bites you but does no damage.
You barely miss the wyvern zombie.
The wyvern zombie is moderately damaged.
The wyvern zombie bites you but does no damage.
You hit the wyvern zombie.
The wyvern zombie is moderately damaged.
The wyvern zombie is struck by your spines.
The wyvern zombie bites you but does no damage.
The wyvern zombie is struck by your spines.
The wyvern zombie closely misses you.
You hit the wyvern zombie. You kick the wyvern zombie.
The wyvern zombie is heavily damaged.
The wyvern zombie bites you!
* * * LOW HITPOINT WARNING * * *
Unknown command.
You slash the wyvern zombie!
The wyvern zombie is severely damaged.
The wyvern zombie bites you!
You die...

##+#+ '..
###.#####
#.'.#...#
###M'.∩.#
#.'.#..∩#
###@#####
#.'Z'.#
###.###
{+.# #.'
+.# #.#
'.. #'#


You could see a mummy and a wyvern zombie.

Vanquished Creatures
  An orc warrior (D:5)
  2 ice beasts (D:5)
  A scorpion (D:4)
  A bullfrog zombie (Ossuary)
  A jelly (D:5)
  2 hounds
  3 orc priests
  An iguana (D:4)
  Jessica (D:2)
  Natasha (thrice) (D:2)
  2 orc wizards
  Terence (D:2)
  3 killer bee zombies (Ossuary)
  3 mummies (Ossuary)
  A howler monkey zombie (Ossuary)
  3 gnolls (D:2)
  2 adders (D:2)
  A worm (D:2)
  2 dart slugs (D:3)
  9 orcs
  6 endoplasms
  7 giant cockroaches
  6 goblins
  6 hobgoblins
  7 jackals
  3 kobolds
  4 quokkas
  2 ball pythons
  4 bats
  2 frilled lizards (D:2)
  4 rats
94 creatures vanquished.

Vanquished Creatures (others)
  6 fungi (D:3)
  5 withered plants (Ossuary)
11 creatures vanquished.

Grand Total: 105 creatures vanquished

Notes
Turn   | Place    | Note
-------+----------+-------------------------------------------
     0 | D:1      | IdlyInterested the Demonspawn Wanderer began the quest for
                  | the Orb.
     0 | D:1      | IdlyInterested set off with the following items: a +2 hand
                  | axe, a +0 cloak, a potion of attraction, a +0 robe; and the
                  | following spell memorised: Slow; and the following spells
                  | available to memorise: Confusing Touch.
     0 | D:1      | Reached XP level 1. HP: 16/16 MP: 2/2
   278 | D:1      | Discovered your monstrous ancestry.
   278 | D:1      | Gained mutation: You have a pair of small antennae on your
                  | head. [demonic ancestry]
   278 | D:1      | Reached XP level 2. HP: 23/23 MP: 3/3
   363 | D:1      | Found a faded altar of an unknown god.
  1131 | D:2      | Noticed Terence
  1149 | D:2      | Killed Terence
  1150 | D:2      | Reached skill level 3 in Fighting
  1150 | D:2      | Gained mutation: You have large cloven feet. [demonic
                  | ancestry]
  1150 | D:2      | Reached XP level 3. HP: 9/29 MP: 1/4
  1607 | D:2      | Noticed Natasha
  1614 | D:2      | Killed Natasha
  1615 | D:2      | Reached skill level 4 in Fighting
  1615 | D:2      | Reached XP level 4. HP: 24/37 MP: 5/5
  1776 | D:2      | Noticed Natasha
  1786 | D:2      | Killed Natasha
  1941 | D:2      | Noticed Jessica
  1946 | D:2      | Killed Jessica
  1947 | D:2      | Gained mutation: You are partially covered in sharp spines.
                  | [demonic ancestry]
  1947 | D:2      | Reached XP level 5. HP: 43/43 MP: 4/6
  2151 | D:2      | Noticed Natasha
  2156 | D:2      | Killed Natasha
  3010 | D:3      | Reached skill level 5 in Fighting
  3170 | D:3      | Found a broken altar of Ashenzari.
  3993 | D:4      | Reached XP level 6. HP: 31/51 MP: 4/7
  4535 | D:4      | Reached skill level 6 in Fighting
  5278 | D:5      | Entered Level 5 of the Dungeon
  5297 | D:5      | Noticed an ice beast
  5302 | D:5      | Killed an ice beast
  5303 | D:5      | Reached skill level 1 in Armour
  5303 | D:5      | Gained mutation: You sometimes gain a little power by
                  | taking damage. [demonic ancestry]
  5303 | D:5      | Reached XP level 7. HP: 46/59 MP: 4/8
  5317 | D:5      | Reached skill level 7 in Fighting
  5345 | D:5      | Found a sand-covered staircase.
  5377 | Ossuary  | Entered an ossuary
  5471 | Ossuary  | Gained mutation: You sometimes gain power by taking damage.
                  | [demonic ancestry]
  5471 | Ossuary  | Reached XP level 8. HP: 29/68 MP: 6/9
  5476 | Ossuary  | Slain by a wyvern zombie

Illustrated notes

Levels and vault maps discovered:
D:1:      ncdulo_wetmaze, layout_basic, hellmonk_ecumenical_altar_crossroads
D:2:      layout_loops_ring, uniq_natasha, uniq_terence, uniq_jessica
D:3:      layout_basic, mainiacjoe_overflow_boulevard,
          minmay_misc_feat_four_crosses
D:4:      layout_loops_cross
D:5:      nicolae_BIG_FREAKIN_CUBE, layout_basic, fedhas_bush_and_centaur_altar,
          grunt_temple_overflow_holy_war, nicolae_ossuary_entry_ruins,
          serial_shops, shop, goddamned_bats
Ossuary:  ossuary_zaba_flooded

Skill      XL: |  1  2  3  4  5  6  7 |
---------------+----------------------+-----
Dodging        | 2 3 4 |  4.0
Fighting       | 3 4 5 6 7 |  7.8
Armour         | 1 2 |  2.8
Axes           | |  3.6
Spellcasting   | |  1.0
Hexes          | |  1.0

Action                   |  1- 3 |  4- 6 |  7- 9 || total
-------------------------+-------+-------+-------++-------
Melee: Hand axe          |   101 |   124 |    52 ||   277
       Kick              |     2 |    33 |    16 ||    51
 Cast: Slow              |     2 |     3 |     1 ||     6
  Use: Scroll            |     6 |     7 |       ||    13
       Potion            |       |       |     1 ||     1
Armor: Robe              |     2 |       |       ||     2
       Scale mail        |    32 |       |       ||    32
       Ring mail         |    14 |    34 |       ||    48
       Leather armour    |       |     1 |    24 ||    25
Dodge: Dodged            |    50 |    60 |    35 ||   145

Table legend: (Time is in decaauts)
 A = Elapsed time spent in this place.
 B = Non-inter-level travel time spent in this place.
 C = Inter-level travel time spent in this place.
 D = Time resting spent in this place.
 E = Time spent auto-exploring this place.
 F = Levels seen in this place.
 G = Mean time per level.
                   A        B        C        D        E       F      G
               +--------+--------+--------+--------+--------+-----+--------+
         Total |   5519 |   5123 |    396 |    777 |   3332 |   6 |  919.8 |
       Dungeon |   5416 |   5020 |    396 |    727 |   3332 |   5 | 1083.2 |
       Ossuary |    103 |    103 |      0 |     50 |      0 |   1 |  103.0 |
               +--------+--------+--------+--------+--------+-----+--------+

Top non-repeatable levels by time:
     D:2: 1496 daAuts
     D:3: 1452 daAuts
     D:4: 1204 daAuts
     D:1: 1163 daAuts
 Ossuary: 103 daAuts
     D:5: 101 daAuts
